 Dungeon Crawl Stone Soup version 0.27-a0-1184-ge86db4a01e (webtiles) character file.

Game seed: 11053292349123836868

8 Mrcawl the Poker (level 2, 0/26 HPs)
             Began as a Naga Gladiator on May 19, 2021.
             Slain by a frilled lizard (2 damage)
             ... on level 1 of the Dungeon.
             The game lasted 00:00:42 (352 turns).

Mrcawl the Poker (Naga Gladiator)                    Turns: 352, Time: 00:00:43

Health: 0/26       AC:  3    Str: 16    XL:     2   Next: 8%
Magic:  2/2        EV: 10    Int:  8    God:
Gold:   10         SH:  0    Dex: 12    Spells: 1/1 levels left

rFire    . . .     SeeInvis +   a - +0 trident
rCold    . . .     Faith    .   (no shield)
rNeg     . . .     Spirit   .   b - +0 leather armour
rPois    +         Reflect  .   c - +0 helmet
rElec    .         Harm     .   (no cloak)
rCorr    .         Rampage  .   (no gloves)
Will     .....                  (no barding)
Stlth    +.........             (no amulet)
HPRegen  0.08/turn              (no ring)
MPRegen  0.08/turn              (no ring)

@: very slow
A: AC +0, large, see invisible, deformed body, poison resistance, slowness 2,
spit poison 1, naga tail 1
a: Spit Poison


You were on level 1 of the Dungeon.
You visited 1 branch of the dungeon, and saw 1 of its levels.

You collected 10 gold pieces.

Inventory:

Hand Weapons
 a - a +0 trident (weapon)
Missiles
 d - 3 throwing nets (quivered)
Armour
 b - a +0 leather armour (worn)
 c - a +0 helmet (worn)


   Skills:
 + Level 2.0 Fighting
 * Level 3.2 Polearms
 + Level 1.8 Throwing
 + Level 0.3 Armour
 + Level 2.5 Dodging


You had one spell level left.
You didn't know any spells.
Your spell library was empty.

Dungeon Overview and Level Annotations

Branches:
Dungeon (1/15)

Altars:


Innate Abilities, Weirdness & Mutations

Your serpentine skin is tough. (AC +0)
You have supernaturally acute eyesight. (SInv)
Armour fits poorly on your strangely shaped body.
Your system is resistant to poisons. (rPois)
You cover ground very slowly.
You can spit poison.
You have a snake-like lower body.


Message History

A rat comes into view.
You closely miss the frilled lizard. The frilled lizard barely misses you.
The frilled lizard bites you but does no damage.
The frilled lizard misses you.
The frilled lizard closely misses you. x2
The frilled lizard bites you but does no damage.
You closely miss the frilled lizard.
The frilled lizard barely misses you. x2
The frilled lizard closely misses you. x2
The frilled lizard bites you but does no damage.
The frilled lizard completely misses you.
You completely miss the frilled lizard. The frilled lizard barely misses you.
The frilled lizard bites you. The frilled lizard barely misses you.
The frilled lizard closely misses you. The frilled lizard bites you.
* * * LOW HITPOINT WARNING * * *
The frilled lizard closely misses you.
You miss the frilled lizard. The frilled lizard misses you.
The frilled lizard closely misses you. The frilled lizard barely misses you.
The frilled lizard closely misses you. x2
The frilled lizard bites you but does no damage.
The frilled lizard barely misses you.
You miss the frilled lizard.
The frilled lizard barely misses you. x2
The rat bites you.
* * * LOW HITPOINT WARNING * * *
The frilled lizard bites you.
* * * LOW HITPOINT WARNING * * *
The frilled lizard bites you but does no damage.
The frilled lizard closely misses you. The frilled lizard bites you.
* * * LOW HITPOINT WARNING * * *
Unknown command.
Unknown command.
You barely miss the frilled lizard.
The frilled lizard bites you but does no damage. x2
The rat closely misses you.
The frilled lizard bites you but does no damage.
The frilled lizard barely misses you. The frilled lizard closely misses you.
The frilled lizard barely misses you.
The frilled lizard bites you but does no damage.
You barely miss the frilled lizard.
The frilled lizard hisses.
The frilled lizard bites you.
You die...

#... #......##....##.
#... #......##....##.
#... #...............
#...#####.....#####.###.
#.............# #.# #>
#.......)....#####.# #.
...#..†....#####......#
#.
≈≈....†.lll###........#
..
≈≈≈≈....l@..........†.#
..
≈≈≈≈....llr.......)...#
..
≈≈≈≈.#............†...#
≈≈≈≈.#..............###
.. ≈≈≈. #.........)....#
.# ... #..............#
# ... #...=...........
#.........#.....


You could see 6 frilled lizards and a rat.

Vanquished Creatures
  A goblin (D:1)
  A hobgoblin (D:1)
  A quokka (D:1)
  A bat (D:1)
  3 frilled lizards (D:1)
  A kobold (D:1)
  A rat (D:1)
9 creatures vanquished.

Notes
Turn   | Place    | Note
-------+----------+-------------------------------------------
     0 | D:1      | Mrcawl the Naga Gladiator began the quest for the Orb.
     0 | D:1      | Reached XP level 1. HP: 19/19 MP: 1/1
    49 | D:1      | Found a faded altar of an unknown god.
   338 | D:1      | Reached XP level 2. HP: 24/26 MP: 2/2
   350 | D:1      | HP: 1/26 [frilled lizard (1)]
   352 | D:1      | Slain by a frilled lizard

Illustrated notes

Levels and vault maps discovered:
D:1:      wander_arrival_fairy_ring, layout_basic,
          ebering_ecumenical_altar_petrified, minmay_lizard_pond

Action                   || total
-------------------------++-------
Melee: Trident           ||    30
 Abil: Spit Poison       ||     1
  Use: Scroll            ||     1
Armor: Leather armour    ||    21
Dodge: Dodged            ||    56

Table legend: (Time is in decaauts)
 A = Elapsed time spent in this place.
 B = Non-inter-level travel time spent in this place.
 C = Inter-level travel time spent in this place.
 D = Time resting spent in this place.
 E = Time spent auto-exploring this place.
 F = Levels seen in this place.
 G = Mean time per level.
                   A        B        C        D        E       F      G
               +--------+--------+--------+--------+--------+-----+--------+
         Total |    417 |    417 |      0 |      0 |    355 |   1 |  417.0 |
       Dungeon |    417 |    417 |      0 |      0 |    355 |   1 |  417.0 |
               +--------+--------+--------+--------+--------+-----+--------+

Top non-repeatable levels by time:
     D:1: 417 daAuts
